 Dungeon Crawl Stone Soup version 0.30-a0-1074-g5db6f66fbb (webtiles) character file.

Game seed: 6205791275504086869

89 123456 the Digger (level 4, -3/24 HPs)
             Began as a Gargoyle Earth Elementalist on Apr 13, 2023.
             Slain by Sigmund
             ... wielding a +0 scythe
              (6 damage)
             ... on level 2 of the Dungeon.
             The game lasted 00:03:54 (1835 turns).

123456 the Digger (Gargoyle Earth Elementalist)     Turns: 1835, Time: 00:03:55

Health: -3/24      AC:  5    Str: 12    XL:     4   Next: 55%
Magic:  1/8        EV: 12    Int: 17    God:
Gold:   98         SH:  0    Dex: 10    Spells: 4/8 levels left

rFire   . . .      SeeInvis .    h - +0 short sword (venom)
rCold   . . .      Faith    .    (no shield)
rNeg    + . .      Spirit   .    a - +0 robe
rPois   ∞          Reflect  .    (no helmet)
rElec   +          Rampage  .    (no cloak)
rCorr   .                        (no gloves)
Will    .....                    (no boots)
Stlth   ++                       (no amulet)
HPRegen 0.24/turn                (no ring)
MPRegen 0.11/turn                (no ring)

@: about to teleport, flying, very slightly contaminated
A: sickness immunity, AC +3, negative energy resistance 1, electricity
resistance, torment resistance 1, petrification resistance
a: no special abilities


You were on level 2 of the Dungeon.
You visited 1 branch of the dungeon, and saw 2 of its levels.

You collected 98 gold pieces.

Inventory:

Hand Weapons
 h - a +0 short sword of venom (weapon)
Armour
 a - a +0 robe (worn)
Jewellery
 k - an amulet of the acrobat
Scrolls
 c - a scroll of torment {unknown}
 d - 4 scrolls of identify
 f - a scroll of acquirement {unknown}
 g - a scroll of amnesia {unknown}
 l - 2 scrolls of teleportation
Potions
 b - a potion of magic
 j - a potion of haste {unknown}


   Skills:
 + Level 2.0 Dodging
 + Level 2.9 Stealth
 * Level 2.9 Spellcasting
 + Level 0.8 Conjurations
 - Level 0.7 Transmutations
 * Level 4.6 Earth Magic


You had 4 spell levels left.
You knew the following spells:

 Your Spells              Type           Power      Damage    Failure   Level
a - Sandblast             Erth           36%        2d10      2%          1
b - Stone Arrow           Conj/Erth      22%        3d8       17%         3

Your spell library contained the following spells:

 Spells                   Type           Power      Damage    Failure   Level
 Passwall                 Tmut/Erth      9%         N/A       9%          2
 Petrify                  Tmut/Erth      11%        N/A       50%         4


Dungeon Overview and Level Annotations

Branches:
Dungeon (2/15)

Altars:

Shops:
D:1 ?(([

Annotations:
D:2 Sigmund


Innate Abilities, Weirdness & Mutations

You are immune to sickness and miasma.
Your stone body is resilient. (AC +3)
You are immune to poison.
You resist negative energy. (rN+)
You are resistant to electric shocks. (rElec)
You are resistant to unholy torment.
You are immune to petrification.


Message History

[Y]es or [N]o only, please.
The spell is extremely dangerous to miscast (17% risk of failure)!
Continue anyway?
Aiming: Stone Arrow (extremely dangerous; 17% risk of failure)
Press: ? - help, Shift-Dir - straight line The hobgoblin hits you.
Unknown command.
Casting: Stone Arrow (extremely dangerous; 17% risk of failure)
Confirm with . or Enter, or press ? or * to list all spells.
The spell is extremely dangerous to miscast (17% risk of failure)!
Continue anyway?
Aiming: Stone Arrow (extremely dangerous; 17% risk of failure)
Press: ? - help, Shift-Dir - straight line You miscast Stone Arrow.
You are blasted with sand.
Something hits you. The hobgoblin hits you.
Unknown command.
A kobold and a ball python come into view.
The hobgoblin closely misses you. Something hits you.
The kobold moves out of view.
The ball python hisses angrily.
The kobold shouts!
You hit the hobgoblin but do no damage.
The hobgoblin is poisoned.
The hobgoblin barely misses you.
You barely miss the hobgoblin. Something hits you!
* * * LOW HITPOINT WARNING * * *
The hobgoblin hits you but does no damage.
It was a potion of curing.
You feel better. The hobgoblin closely misses you. Something hits you.
* * * LOW HITPOINT WARNING * * *
It was a potion of flight.
You feel very buoyant.
You fly up into the air.
The hobgoblin barely misses you.
Okay, then.
As you read the scroll labelled LOG MYSOTTAMU, it crumbles to dust.
It is a scroll of identify.
l - 3 scrolls of teleportation Something barely misses you.
The hobgoblin barely misses you.
As you read the scroll of teleportation, it crumbles to dust.
You feel strangely unstable. The hobgoblin hits you.
* * * LOW HITPOINT WARNING * * *
Something hits you.
You die...

##.)....#...#...# #.###'#
†##........##.#.# #....P#
..##.......#..### #######
...##.....##....# ...
.#.†##....#).##.# ##..
##...##..##...### #..
#..#.)##.'..#...# #.#
###################.#
................@g.S#
####################K.....
.....# ..P..P .~~~~.
~~P~~~ ~♣♣♣♣~


You could see a hobgoblin (poisoned), a ball python and a kobold.

Vanquished Creatures
  An orc wizard (D:2)
  An adder (D:2)
  A worm (D:2)
  2 orcs (D:2)
  8 ball pythons
  3 endoplasms
  3 giant cockroaches (D:1)
  5 goblins
  5 hobgoblins
  6 kobolds
  3 quokkas (D:2)
  4 bats
  3 frilled lizards
  4 rats
49 creatures vanquished.

Vanquished Creatures (others)
  8 plants (D:2)
8 creatures vanquished.

Grand Total: 57 creatures vanquished

Notes
Turn   | Place    | Note
-------+----------+-------------------------------------------
     0 | D:1      | 123456 the Gargoyle Earth Elementalist began the quest for
                  | the Orb.
     0 | D:1      | Reached XP level 1. HP: 10/10 MP: 3/3
    82 | D:1      | Found Aggunoitt's Armour Emporium.
   140 | D:1      | Found Semmeagh's Antique Weapon Shop.
   163 | D:1      | Reached XP level 2. HP: 15/15 MP: 3/5
   286 | D:1      | Reached skill level 4 in Earth Magic
   664 | D:1      | Found Jezazock's Weapon Boutique.
   882 | D:1      | Found Wigutifu's Magic Scroll Shoppe.
   924 | D:1      | Reached XP level 3. HP: 19/19 MP: 3/6
   956 | D:1      | Learned a level 3 spell: Stone Arrow
  1017 | D:2      | Found a faded altar of an unknown god.
  1094 | D:2      | Reached XP level 4. HP: 6/24 MP: 1/8
  1820 | D:2      | Noticed Sigmund
  1835 | D:2      | Slain by Sigmund

Illustrated notes

Levels and vault maps discovered:
D:1:      dpeg_arrival_prison, layout_loops_cross, serial_shops, shop,
          nicolae_lakefront_shop, nicolae_shop_trees, shop
D:2:      minmay_razor_zed, layout_basic, shapermc_ecumenical_altar_ellora,
          minmay_misc_feat_four_crosses, serial_bayou_pond_c, roderic_lattice_a,
          uniq_sigmund, uniq_terence, uniq_jessica

Skill      XL: |  1  2  3  4 |
---------------+-------------+-----
Earth Magic    | 4 |  4.6
Dodging        | 2 |  2.0
Stealth        | |  2.9
Spellcasting   | |  2.9
Conjurations   | |  0.8
Transmutations | |  0.7

Action                     |  1- 3 |  4- 6 || total
---------------------------+-------+-------++-------
  Melee: Short sword       |    20 |     7 ||    27
         Punch             |     1 |       ||     1
   Cast: Sandblast         |    34 |    30 ||    64
         Stone Arrow       |       |     1 ||     1
    Use: Scroll            |       |     2 ||     2
         Potion            |       |     2 ||     2
   Stab: Sleeping          |     1 |       ||     1
 Armour: Robe              |    16 |    14 ||    30
  Dodge: Dodged            |    27 |    39 ||    66

Table legend: (Time is in decaauts)
 A = Elapsed time spent in this place.
 B = Non-inter-level travel time spent in this place.
 C = Inter-level travel time spent in this place.
 D = Time resting spent in this place.
 E = Time spent auto-exploring this place.
 F = Levels seen in this place.
 G = Mean time per level.
                   A        B        C        D        E       F      G
               +--------+--------+--------+--------+--------+-----+--------+
         Total |   1865 |   1823 |     42 |    175 |   1383 |   2 |  932.5 |
       Dungeon |   1865 |   1823 |     42 |    175 |   1383 |   2 |  932.5 |
               +--------+--------+--------+--------+--------+-----+--------+

Top non-repeatable levels by time:
     D:1: 1011 daAuts
     D:2: 854 daAuts
